 Dungeon Crawl Stone Soup version 0.21.0-34-g9234887 (webtiles) character file.

7221 Amaterasu the Cleaver (level 11, -14/94 HPs)
             Began as a Formicid Fighter on Jan 29, 2018.
             Was a High Priest of Okawaru.
             Killed from afar by Josephine (28 damage)
             ... with a ghostly fireball
             ... on level 10 of the Dungeon.
             The game lasted 00:15:37 (8809 turns).

Amaterasu the Cleaver (Formicid Fighter)            Turns: 8809, Time: 00:15:37

Health: -14/94     AC:  7    Str: 30      XL:     11   Next: 33%
Magic:  16/16      EV: 14    Int:  9      God:    Okawaru [*****.]
Gold:   385        SH: 17    Dex: 12 (14) Spells: 10/10 levels left

rFire    . . .     SeeInvis +   a - +0 war axe
rCold    . . .     Gourm    .   x - +0 large shield
rNeg     . . .     Faith    +   t - +0 scale mail of Makhleb's Hope {Regen+ Str+8 Dex-2}
rPois    .         Spirit   .   (helmet unavailable)
rElec    .         Reflect  .   s - +0 cloak
rCorr    .         Harm     .   (no gloves)
MR       ++...                  z - +0 pair of boots
Stlth    +.........             w - amulet of faith
HPRegen  0.65/turn              j - ring of protection from magic
MPRegen  0.15/turn              (no ring)

@: agile, heavily drained
A: permanent stasis, dig shafts and tunnels, four strong arms, antennae 3,
talons 1, deformed body, deterioration 1, robust 1
a: Dig, Shaft Self, Heroism, Finesse, Renounce Religion


You were on level 10 of the Dungeon.
You worshipped Okawaru.
Okawaru was extremely pleased with you.
You were not hungry.

You visited 1 branch of the dungeon, and saw 10 of its levels.
You also visited: Sewer.

You collected 517 gold pieces.
You spent 132 gold pieces at shops.

Inventory:

Hand Weapons
 a - a +0 war axe (weapon)
 d - a +1 great mace of protection
 n - a +3 dire flail of holy wrath
Armour
 b - a +1 scale mail
 c - a +0 shield
 s - a +0 cloak (worn)
 t - the +0 scale mail of Makhleb's Hope (worn) {Regen+ Str+8 Dex-2}
   (You found it on level 6 of the Dungeon)

   It affects your strength (+8).
   It affects your dexterity (-2).
   It increases your rate of regeneration.
 v - a +0 chain mail
 x - a +0 large shield (worn)
 z - a +0 pair of boots (worn)
Jewellery
 j - a ring of protection from magic (left hand)
 k - an uncursed ring of ice
 w - an amulet of faith (around neck)
Wands
 g - a wand of paralysis (58)
 r - a wand of scattershot (9)
 u - a wand of random effects (14)
 A - a wand of iceblast (9)
 E - a wand of polymorph (14)
Scrolls
 m - 2 scrolls of remove curse
 q - a scroll of magic mapping
Potions
 e - a potion of lignification
 i - 4 potions of haste
 l - 5 potions of flight
 o - a potion of agility
 p - a potion of berserk rage
 D - 2 potions of degeneration {unknown}
Books
 h - a book of Debilitation

   Spells                             Type                      Level
   a - Corona                         Hexes                        1
   b - Slow                           Hexes                        2
   c - Inner Flame                    Hexes/Fire                   3
   d - Portal Projectile              Hexes/Translocation          3
   e - Cause Fear                     Hexes                        4
   f - Leda's Liquefaction            Hexes/Earth                  4
Comestibles
 f - 16 rations


   Skills:
 - Level 8.0(6.6) Fighting
 - Level 10.0(8.5) Axes
 + Level 7.6(6.1) Armour
 - Level 4.0(2.7) Dodging
 + Level 8.6(7.2) Shields
 * Level 7.6(6.2) Invocations


You had 10 spell levels left.
You didn't know any spells.

Dungeon Overview and Level Annotations

Branches:
Dungeon (10/15)            Temple (0/1) D:4             Orc (0/2) D:9
   Lair: D:8-11

Altars:
Ashenzari
Dithmenos
Elyvilon
Fedhas
Gozag
Kikubaaqudgha
Makhleb
Nemelex Xobeh
Okawaru
Trog
Wu Jian
Xom
Zin
The Shining One

Shops:
D:4 (   D:8 *   D:9 *

Annotations:
D:4 2 transporters
D:10 Josephine


Innate Abilities, Weirdness & Mutations

You cannot be hasted, slowed, berserked, paralysed or teleported.
You can dig through walls and to a lower floor.
Your four strong arms can wield two-handed weapons with a shield.
You have a pair of large antennae on your head. (SInv)
You have sharp toenails.
Armour fits poorly on your strangely shaped body.
Your body sometimes deteriorates upon taking damage.
You are robust. (+10% HP)


Message History

You block the wraith's attack. You block Josephine's attack.
The wraith barely misses you. The wraith closely misses you.
You closely miss Josephine.
Josephine is heavily wounded.
You hit the wraith. You slash the wraith!
You destroy the wraith!
Okawaru accepts your kill.
You hit the wraith but do no damage. You slash the wraith!
You block Josephine's attack. The wraith hits you.
* * * LOW HITPOINT WARNING * * *
The wraith drains your vigour!
Your stasis prevents you from being slowed.
You block the wraith's attack. The wraith hits you.
* * * LOW HITPOINT WARNING * * *
You slash Josephine!
Josephine is severely wounded.
You slash the wraith! You hit the wraith but do no damage. x2
Josephine gestures at you while chanting.
The ghostly flame explodes!
The ghostly fireball engulfs you!
You feel drained.
You die...

#.........#
#.........#
#%........#
#.........#
#.........+
#.........#
#.........#
#....W@W..#
#....W@...#
######'####
#..# ##.##
#..#
###.########
#...........
#...........
#...........


You could see Josephine and 3 wraiths.

Vanquished Creatures
  The ghost of Ratty the Archer, a novice CeHu of Elyvilon (D:6)
  The ghost of garbagetei the Stinger, a novice TeVM of Vehumet (D:8)
  Pikel (D:4)
  Psyche (D:8)
  2 trolls (D:9)
  A hippogriff (D:9)
  A spriggan (D:7)
  Sigmund (D:5)
  2 wraiths (D:10)
  Edmund (D:5)
  An ice beast (D:4)
  5 phantoms
  3 sky beasts
  2 orc warriors (D:9)
  5 ogres
  3 centaurs
  A crocodile (D:9)
  6 big kobolds
  Blork the orc (D:5)
  2 bullfrogs
  5 gnoll sergeants (D:9)
  5 scorpions
  A water moccasin skeleton (D:9)
  2 howler monkeys (D:9)
  4 crimson imps
  4 jellies
  2 centaur zombies
  A bullfrog zombie (D:8)
  Crazy Yiuf (D:3)
  4 hounds
  4 orc priests
  3 orc wizards
  A centaur skeleton (D:8)
  3 iguanas
  5 worker ants
  3 hound skeletons
  Robin (D:4)
  A worker ant zombie (D:6)
  3 gnolls (D:9)
  3 river rats
  10 adders
  A shadow imp (D:7)
  2 oozes
  2 adder zombies (D:6)
  3 worms
  3 dart slugs
  7 leopard geckos
  22 orcs
  4 bats
  6 giant cockroaches
  8 goblins
  9 hobgoblins
  24 jackals
  14 kobolds
  4 quokkas
  A ball python (D:4)
  4 frilled lizards
  A giant cockroach zombie (D:5)
  2 jackal skeletons
  A leopard gecko skeleton (D:5)
  15 rats
240 creatures vanquished.

Vanquished Creatures (others)
  A black bear (D:4)
  A slave (D:4)
  A scorpion (D:4)
  The ghost of tidbits the Sneak, a weakling GnEn (D:4)
  4 goblins (D:4)
  3 hobgoblins (D:4)
  A quokka (D:4)
  A frilled lizard (D:4)
  A quokka skeleton (D:4)
14 creatures vanquished.

Grand Total: 254 creatures vanquished

Notes
Turn   | Place    | Note
-------+----------+-------------------------------------------
     0 | D:1      | Amaterasu the Formicid Fighter began the quest for the Orb.
     0 | D:1      | Reached XP level 1. HP: 18/18 MP: 1/1
     6 | D:1      | Noticed an anaconda
     6 | D:1      | Noticed a hog
     6 | D:1      | Noticed a rime drake
    70 | D:1      | Reached XP level 2. HP: 23/24 MP: 2/2
   109 | D:1      | Reached skill level 3 in Axes
   122 | D:1      | Reached XP level 3. HP: 13/29 MP: 3/3
   349 | D:1      | Found a glowing golden altar of the Shining One.
   615 | D:1      | Reached skill level 4 in Axes
   615 | D:1      | Reached XP level 4. HP: 35/35 MP: 4/4
   846 | D:2      | Found an iron altar of Okawaru.
  1038 | D:2      | Noticed a phantom
  1077 | D:2      | Killed a phantom
  1077 | D:2      | Reached skill level 5 in Axes
  1077 | D:2      | Reached XP level 5. HP: 19/41 MP: 5/5
  1293 | D:2      | Found a faded altar of an unknown god.
  1320 | D:2      | Found a shadowy altar of Dithmenos.
  1582 | D:2      | Became a worshipper of Warmaster Okawaru
  2003 | D:3      | Reached XP level 6. HP: 47/47 MP: 6/6
  2018 | D:3      | Found an opulent altar of Gozag.
  2036 | D:3      | Reached skill level 6 in Axes
  2206 | D:3      | Noticed an ogre
  2219 | D:3      | Killed an ogre
  2219 | D:3      | Reached skill level 1 in Invocations
  2447 | D:3      | Found a runed door.
  2570 | D:3      | Noticed Crazy Yiuf
  2575 | D:3      | Killed Crazy Yiuf
  2769 | D:4      | Found a staircase to the Ecumenical Temple.
  2776 | D:4      | Noticed a slave
  2776 | D:4      | Noticed a slave
  2777 | D:4      | Noticed Pikel
  2777 | D:4      | Noticed a slave
  2779 | D:4      | Noticed a black bear
  2790 | D:4      | Noticed a slave
  2807 | D:4      | Killed Pikel
  2807 | D:4      | Reached * piety under Okawaru
  2807 | D:4      | Reached ** piety under Okawaru
  2807 | D:4      | Reached XP level 7. HP: 29/55 MP: 7/10
  2807 | D:4      | Reached XP level 8. HP: 32/61 MP: 7/11
  2814 | D:4      | Noticed Robin
  2823 | D:4      | Killed Robin
  2890 | D:4      | Killed tidbits's ghost
  2893 | D:4      | Reached skill level 5 in Armour
  2950 | D:4      | Found a glowing drain.
  2957 | Sewer    | Entered a sewer
  2961 | Sewer    | Reached skill level 5 in Shields
  3289 | Sewer    | Found a white marble altar of Elyvilon.
  3394 | D:4      | Found a white marble altar of Elyvilon.
  3394 | D:4      | Found a shattered altar of Ashenzari.
  3395 | D:4      | Found a glowing golden altar of the Shining One.
  3395 | D:4      | Found a glowing silver altar of Zin.
  3434 | D:4      | Found a transporter.
  3443 | D:4      | Got a jewelled ring mail
  3454 | D:4      | Identified the +1 ring mail "Cowiom" {rC+ Regen+} (You found it on level 4 of the Dungeon)
  3464 | D:4      | Found a transporter.
  3497 | D:4      | Noticed a moth of wrath
  3502 | D:4      | Found a bloodstained altar of Trog.
  3507 | D:4      | Reached skill level 5 in Fighting
  3586 | D:4      | Found Lusepum's Antique Weapon Shoppe.
  3916 | D:4      | Reached *** piety under Okawaru
  4204 | D:5      | Entered Level 5 of the Dungeon
  4238 | D:5      | Reached skill level 7 in Axes
  4315 | D:5      | Noticed Sigmund
  4324 | D:5      | Reached XP level 9. HP: 54/68 MP: 12/12
  4334 | D:5      | Killed Sigmund
  4334 | D:5      | Reached skill level 8 in Axes
  4449 | D:5      | Reached **** piety under Okawaru
  4501 | D:5      | Noticed Edmund
  4514 | D:5      | Reached skill level 9 in Axes
  4524 | D:5      | Killed Edmund
  4940 | D:5      | Noticed Blork the orc
  4958 | D:5      | Killed Blork the orc
  5061 | D:6      | Reached skill level 10 in Axes
  5332 | D:6      | Found an ornate altar of the Wu Jian Council.
  5426 | D:6      | Noticed Ratty's ghost (novice CeHu)
  5477 | D:6      | Killed Ratty's ghost
  5477 | D:6      | Reached skill level 5 in Invocations
  5477 | D:6      | Reached XP level 10. HP: 32/75 MP: 13/13
  5790 | D:6      | Reached ***** piety under Okawaru
  5796 | D:6      | Got a topaz-encrusted scale mail
  5807 | D:6      | Identified the cursed +0 scale mail of Makhleb's Hope {Regen+ Str+8 Dex-2} (You found it on level 6 of the Dungeon)
  6430 | D:7      | Found a burning altar of Makhleb.
  6437 | D:7      | Found a shimmering altar of Xom.
  6472 | D:7      | Found a sparkling altar of Nemelex Xobeh.
  6868 | D:8      | Noticed garbagetei's ghost (novice TeVM)
  6869 | D:8      | Found Rirampaff's General Store.
  6911 | D:8      | Killed garbagetei's ghost
  7027 | D:8      | Bought a +0 large shield for 54 gold pieces
  7027 | D:8      | Bought a scroll of identify for 24 gold pieces
  7027 | D:8      | Bought a +0 pair of boots for 54 gold pieces
  7044 | D:8      | Gained mutation: Your body sometimes deteriorates upon taking damage. [potion of mutation]
  7044 | D:8      | Gained mutation: You are robust. (+10% HP) [potion of mutation]
  7044 | D:8      | Gained mutation: Armour fits poorly on your strangely shaped body. [potion of mutation]
  7044 | D:8      | Gained mutation: You have sharp toenails. [potion of mutation]
  7182 | D:8      | Noticed Psyche
  7194 | D:8      | Killed Psyche
  7259 | D:8      | Found a blossoming altar of Fedhas.
  7265 | D:8      | Found an ancient bone altar of Kikubaaqudgha.
  7287 | D:8      | You fall through a shaft!
  7920 | D:9      | Found a staircase to the Orcish Mines.
  7947 | D:9      | Reached XP level 11. HP: 79/92 MP: 16/16
  7975 | D:9      | Received a gift from Okawaru
  8485 | D:9      | HP: 7/141 [troll (8)]
  8682 | D:9      | Found Guenoxege's Demolitions Depot.
  8762 | D:10     | Entered Level 10 of the Dungeon
  8793 | D:10     | Noticed Josephine
  8809 | D:10     | Killed from afar by Josephine

Skill      XL: |  1  2  3  4  5  6  7  8  9 10 11 |
---------------+----------------------------------+-----
Axes           | 3 4 5 6 7 10 | 10.0
Invocations    | 4 5 6 7 |  7.6
Shields        | 4 6 7 8 |  8.6
Fighting       | 4 5 7 8 |  8.0
Armour         | 4 5 6 7 |  7.6
Dodging        | 2 4 |  4.0

Action                   |  1- 3 |  4- 6 |  7- 9 | 10-12 || total
-------------------------+-------+-------+-------+-------++-------
Melee: War axe           |    92 |   198 |   398 |   407 ||  1095
 Abil: Dig               |       |       |     2 |       ||     2
Evoke: Wand              |       |       |       |     2 ||     2
  Use: Scroll            |       |    12 |     1 |     8 ||    21
       Potion            |       |     1 |     2 |    11 ||    14
  Eat: Chunk             |       |     6 |    10 |     6 ||    22
       Ration            |       |       |       |     2 ||     2
Armor: Scale mail        |    56 |    80 |    40 |    93 ||   269
       Ring mail         |       |       |    52 |       ||    52
       Chain mail        |       |       |    68 |     2 ||    70
       Skin              |       |       |    16 |    12 ||    28
Dodge: Dodged            |    46 |    55 |   123 |    95 ||   319
Block: Shield            |    65 |    89 |   235 |    65 ||   454
       Large shield      |       |       |       |   263 ||   263
